 Dungeon Crawl Stone Soup version 0.29.1-15-g9cfb28693d (webtiles) character file.

Game seed: 15043117145048411127

3 Chiseanne the Insei (level 1, -2/27 HPs)
             Began as a Demonspawn Wanderer on Oct 5, 2023.
             Slain by a quokka (4 damage)
             ... on level 1 of the Dungeon.
             The game lasted 00:00:42 (204 turns).

Chiseanne the Insei (Demonspawn Wanderer)            Turns: 204, Time: 00:00:43

Health: -2/27      AC: 20    Str: 12    XL:     1   Next: 41%
Magic:  1/1        EV:  2    Int:  9    God:
Gold:   45         SH:  0    Dex: 16    Spells: 0/0 levels left

rFire   . . .      SeeInvis .   a - +0 club
rCold   . . .      Faith    .   (no shield)
rNeg    . . .      Spirit   .   (body armour currently unavailable)
rPois   +          Reflect  .   (helmet currently unavailable)
rElec   .          Harm     .   (cloak currently unavailable)
rCorr   .          Rampage  .   (gloves currently unavailable)
Will    .....      NoTele   +   (boots currently unavailable)
Stlth   +.........              (no amulet)
HPRegen 0.09/turn               (no ring)
MPRegen 0.07/turn               (no ring)

@: tree-form
A: stationary, stasis, torment immunity, boosted hp
a: no special abilities


You were on level 1 of the Dungeon.
You were a tree.
You visited 1 branch of the dungeon, and saw 1 of its levels.

You collected 45 gold pieces.

Inventory:

Hand Weapons
 a - a +0 club (weapon)
Armour
 f - a +0 leather armour (melded)
Scrolls
 b - a scroll of blinking
 i - a scroll of identify {unknown}
Potions
 c - a potion of curing
 e - a potion of brilliance
 g - a potion of berserk rage
 h - a potion of magic {unknown}


   Skills:
 * Level 3.0 Fighting
 * Level 1.1 Armour
 * Level 1.1 Dodging
 - Level 4.5 Unarmed Combat


You couldn't memorise any spells.
You didn't know any spells.
Your spell library was empty.

Dungeon Overview and Level Annotations

Branches:
Dungeon (1/15)

Altars:


Message History

You closely miss the quokka.
The quokka is severely wounded.
The quokka bites you but does no damage.
The quokka barely misses you.
You closely miss the quokka.
The quokka is severely wounded.
The quokka bites you.
* * * LOW HITPOINT WARNING * * *
The quokka attacks as you move away! The quokka closely misses you.
The quokka bites you.
* * * LOW HITPOINT WARNING * * *
The kobold attacks as you move away! The kobold hits you but does no damage.
You hit the kobold.
The kobold is moderately wounded.
The kobold closely misses you.
You hit the kobold.
The kobold is severely wounded.
The kobold barely misses you.
Really quaff the potion of lignification?
You turn into a tree.
Your +0 leather armour melds into your body.
Your roots penetrate the ground.
The kobold barely misses you.
You hit the kobold.
You kill the kobold!
The quokka bites you but does no damage.
You hit the quokka but do no damage.
The quokka is severely wounded.
The quokka completely misses you.
You hit the quokka but do no damage.
The quokka is severely wounded.
The quokka bites you but does no damage.
The quokka bites you.
* * * LOW HITPOINT WARNING * * *
You barely miss the quokka.
The quokka is severely wounded.
The quokka bites you but does no damage.
You hit the quokka but do no damage.
The quokka is severely wounded.
The quokka bites you.
You die...

#......# #......#####. #......#
#......# #. #......# ##......# #.
#......# ########.......# ##
#......###..............# #
#.......#....#####......####
#........###.### ###...##... #
...#..............####...###...##
........##.##..#♣................
...####..#.##.Sr#..##..####......
.. ##...###...#.... . #.#...# .
###.....#..###... #.⌠.#
#..##..#.# ... #...# ##..##.#.#
..## #.⌠.# ##..#...#.#.# #...#
######S##....... #.>.#
......).......... #...#


You could see a quokka and a ball python.

Vanquished Creatures
  A goblin (D:1)
  A kobold (D:1)
  A bat (D:1)
3 creatures vanquished.

Notes
Turn   | Place    | Note
-------+----------+-------------------------------------------
     0 | D:1      | Chiseanne the Demonspawn Wanderer began the quest for the
                  | Orb.
     0 | D:1      | Chiseanne set off with the following items: a +0 dagger, a
                  | scroll of blinking, a potion of curing, a potion of
                  | lignification, a potion of brilliance, a +0 leather armour,
                  | a potion of berserk rage.
     0 | D:1      | Reached XP level 1. HP: 18/18 MP: 1/1
   204 | D:1      | Slain by a quokka

Illustrated notes

Levels and vault maps discovered:
D:1:      lemuel_arrival_hallway, layout_rooms, minivault_14, glass_columns_a

Action                   || total
-------------------------++-------
Melee: Club              ||    36
  Use: Potion            ||     1
Armor: Leather armour    ||    13
       Skin              ||     3
Dodge: Dodged            ||    35
